 Dungeon Crawl Stone Soup version 0.31-a0-750-gfe7b580527 (webtiles) character file.

Game seed: 16203034675678358189

386 Dittersdorf the Covered (level 6, -2/40 HPs)
             Began as a Gargoyle Fighter on Sept 14, 2023.
             Killed from afar by Ijyb (9 damage)
             ... with a bolt of light
             ... on level 3 of the Dungeon.
             The game lasted 00:03:29 (1960 turns).

Dittersdorf the Covered (Gargoyle Fighter)          Turns: 1960, Time: 00:03:29

Health: -2/40      AC: 14    Str: 21    XL:     6   Next: 78%
Magic:  6/6        EV:  9    Int:  9    God:
Gold:   155        SH:  0    Dex:  9    Spells: 5/5 levels left

rFire   . . .        a - +0 flail
rCold   . . .        c - +0 buckler
rNeg    + . .        b - +0 scale mail
rPois   ∞            i - +0 helmet
rElec   +            l - +0 cloak
rCorr   .            (no gloves)
SInv    .            (no boots)
Will    .....        (no amulet) Stlth
                     (no ring)
HPRegen 0.26/turn    (no ring)
MPRegen 0.10/turn

%: no passive effects
@: confused
A: sickness immunity, AC +4, negative energy resistance 1, electricity
resistance, torment resistance 1, petrification resistance
a: no special abilities


You were on level 3 of the Dungeon.
You visited 1 branch of the dungeon, and saw 3 of its levels.

You collected 155 gold pieces.

Inventory:

Hand Weapons
 a - a +0 flail (weapon)
Missiles
 m - 6 curare-tipped darts (quivered)
Armour
 b - a +0 scale mail (worn)
 c - a +0 buckler (worn)
 i - a +0 helmet (worn)
 l - a +0 cloak (worn)
Scrolls
 f - a scroll of silence {unknown}
 k - a scroll of blinking {unknown}
 n - a scroll of teleportation {unknown}
 o - a scroll of acquirement {unknown}
 p - a scroll of revelation {unknown}
 r - a scroll of immolation {unknown}
 t - a scroll of brand weapon {unknown}
 v - a scroll of poison {unknown}
 w - 2 scrolls of identify {unknown}
 x - a scroll of noise {unknown}
 y - 3 scrolls of vulnerability {unknown}
Potions
 d - a potion of might
 e - a potion of attraction {unknown}
 g - 2 potions of cancellation {unknown}
 h - a potion of haste {unknown}
 j - 2 potions of curing {unknown}
 q - a potion of ambrosia {unknown}
 s - 2 potions of heal wounds {unknown}
 u - 2 potions of invisibility {unknown}


   Skills:
 + Level 4.9 Fighting
 + Level 3.8 Maces & Flails
 + Level 4.9 Armour
 + Level 4.9 Shields


You had 5 spell levels left.
You didn't know any spells.
Your spell library contained the following spells:

 Spells                   Type           Power      Damage    Failure   Level
 Apportation              Tloc           0%         N/A       78%         1
 Necrotise                Necr           0%         1d4       78%         1
 Slow                     Hex            0%         N/A       78%         1
 Summon Small Mammal      Summ           0%         N/A       78%         1
 Ignite Poison            Fire/Tmut/Pois 0%         N/A       98%         3
 Sigil of Binding         Hex            0%         N/A       98%         3
 Freezing Cloud           Conj/Ice/Air   0%         6-21      100%        5
 Summon Mana Viper        Hex/Summ       0%         N/A       100%        5
 Discord                  Hex            0%         N/A       100%        8
 Cigotuvi's Dreadful Rot  Necr/Pois/Air  Unusable   N/A       N/A         2

Dungeon Overview and Level Annotations

Branches:
Dungeon (3/15)

Altars:

Annotations:
D:3 Ijyb


Innate Abilities, Weirdness & Mutations

You are immune to sickness and miasma.
Your stone body is resilient. (AC +4)
You are immune to poison.
You resist negative energy. (rN+)
You are resistant to electric shocks. (rElec)
You are resistant to unholy torment.
You are immune to petrification.


Message History

The goblin shoots a sling bullet.
The sling bullet misses you.
Ijyb zaps a wand.
The bolt of light hits you!
You are more confused.
You are too confused!
You are too confused!
You are too confused!
You are too confused!
You are too confused!
You are too confused!
You are too confused!
You are too confused!
You are too confused!
You are too confused!
You are too confused!
You are too confused!
You are too confused!
You are too confused!
You are too confused!
You are too confused!
You are too confused!
You are too confused!
You are too confused!
The goblin shoots a sling bullet.
The sling bullet hits you but does no damage.
Ijyb screams, "I no like you!"
You barely miss Ijyb.
A dart slug comes into view.
The hound bites you but does no damage. Ijyb closely misses you.
The hound attacks as it pursues you! The hound bites you but does no damage.
Ijyb attacks as she pursues you! Ijyb hits you with a +0 club.
You're too confused to move!
The hound bites you but does no damage. x2
Ijyb zaps a wand.
The bolt of light hits you!
* * * LOW HITPOINT WARNING * * *
The hound attacks as it pursues you! The hound completely misses you.
You bump into the rock wall.
You feel less confused. The hound bites you but does no damage.
The hound barely misses you.
Ijyb zaps a wand.
The bolt of light hits you!
You are confused.
You die...

#.# #.......##.#.# #.# #.#
##.#...###.....# #.# #.#
#.#.### ###.#.. #.# #.#
#.#.# ...# #.# #.#.# #..#
#.# ##.#.# #..#
#.####....########..#
#.##............$#..#####.
#.##..♣.....####@h........
#.#..♣_♣.........g.†.....#
#.#...♣.....######........
#...[......##### #..>....#
....................g....#
########...............w..
###########[.####.. #...
.. ##..


You could see Ijyb, a hound, a dart slug and a goblin.

Vanquished Creatures
  Grinder (D:3)
  Jessica (D:2)
  Terence (D:3)
  Natasha (thrice) (D:2)
  2 adders (D:2)
  4 dart slugs
  5 endoplasms
  3 giant cockroaches
  2 goblins
  5 hobgoblins
  7 jackals
  3 kobolds
  6 ball pythons
  3 bats
  3 frilled lizards
  6 rats
55 creatures vanquished.

Notes
Turn   | Place    | Note
-------+----------+-------------------------------------------
     0 | D:1      | Dittersdorf the Gargoyle Fighter began the quest for the
                  | Orb.
     0 | D:1      | Reached XP level 1. HP: 14/14 MP: 1/1
   250 | D:1      | Got the Tome of Bad Luck
   306 | D:1      | Reached XP level 2. HP: 11/19 MP: 2/2
   781 | D:2      | Reached XP level 3. HP: 15/23 MP: 3/3
   951 | D:2      | Noticed Natasha
   956 | D:2      | Killed Natasha
   999 | D:2      | Reached XP level 4. HP: 29/29 MP: 4/4
  1041 | D:2      | Noticed Natasha
  1042 | D:2      | Noticed Jessica
  1053 | D:2      | Killed Natasha
  1054 | D:2      | Killed Jessica
  1055 | D:2      | Reached XP level 5. HP: 21/33 MP: 5/5
  1158 | D:2      | Noticed Natasha
  1170 | D:2      | Killed Natasha
  1606 | D:3      | Noticed Grinder
  1629 | D:3      | Killed Grinder
  1630 | D:3      | Reached XP level 6. HP: 18/40 MP: 6/6
  1733 | D:3      | Noticed Terence
  1747 | D:3      | Killed Terence
  1922 | D:3      | Found a faded altar of an unknown god.
  1950 | D:3      | Noticed Ijyb
  1960 | D:3      | Killed from afar by Ijyb

Illustrated notes

Levels and vault maps discovered:
D:1:      ebering_hopf_link, layout_basic, supply_closet_lemuel,
          grunt_decor_fettered, dk_noncrumbling_4
D:2:      layout_rooms, uniq_jessica, uniq_natasha
D:3:      layout_loops_ring, chequers_ecumenical_altar_simple, uniq_ijyb,
          uniq_terence, uniq_grinder

Skill      XL: |  1  2  3  4 |
---------------+-------------+-----
Fighting       | 4 |  4.9
Armour         | 4 |  4.9
Shields        | 4 |  4.9
Maces & Flails | 3 |  3.8

Action                     |  1- 3 |  4- 6 || total
---------------------------+-------+-------++-------
  Melee: Flail             |    81 |   131 ||   212
 Armour: Scale mail        |    49 |   120 ||   169
  Dodge: Dodged            |    42 |    83 ||   125
  Block: Buckler           |    17 |    33 ||    50

Table legend: (Time is in decaauts)
 A = Elapsed time spent in this place.
 B = Non-inter-level travel time spent in this place.
 C = Inter-level travel time spent in this place.
 D = Time resting spent in this place.
 E = Time spent auto-exploring this place.
 F = Levels seen in this place.
 G = Mean time per level.
                   A        B        C        D        E       F      G
               +--------+--------+--------+--------+--------+-----+--------+
         Total |   2020 |   1934 |     86 |     73 |   1390 |   3 |  673.3 |
       Dungeon |   2020 |   1934 |     86 |     73 |   1390 |   3 |  673.3 |
               +--------+--------+--------+--------+--------+-----+--------+

Top non-repeatable levels by time:
     D:1: 739 daAuts
     D:2: 715 daAuts
     D:3: 566 daAuts
